 Dungeon Crawl Stone Soup version 0.20.0-7-g3b7b877 (webtiles) character file.

88 dvd the Grasshopper (level 4, -9/40 HPs)
             Began as a Naga Warper on May 29, 2017.
             Mangled by a worm (11 damage)
             ... on level 2 of the Dungeon.
             The game lasted 00:07:08 (2379 turns).

dvd the Grasshopper (Naga Warper)                   Turns: 2379, Time: 00:07:09

Health: -9/40      AC:  2    Str: 14    XL:     4   Next: 54%
Magic:  0/7        EV: 10    Int: 14    God:
Gold:   180        SH:  0    Dex: 10    Spells: 3/7 levels left

rFire    . . .     SeeInvis +   a - +0 spear
rCold    . . .     Gourm    .   (no shield)
rNeg     . . .     Faith    .   h - +0 robe
rPois    +         Spirit   .   (no helmet)
rElec    .         Reflect  .   (no cloak)
rCorr    .         Harm     .   (no gloves)
MR       .....                  (no barding)
Stlth    +.........             (no amulet)
Regen    0.2/turn               (no ring)
MPRegen  0.1/turn               (no ring)

@: short of breath, very slightly contaminated, very slow
A: see invisible, deformed body, poison resistance, slowness 2, slow metabolism
1, spit poison 1, AC +1
a: Spit Poison


You were on level 2 of the Dungeon.
You were hungry.

You visited 1 branch of the dungeon, and saw 2 of its levels.

You collected 180 gold pieces.

Inventory:

Hand Weapons
 a - a +0 spear (weapon)
Missiles
 e - 4 tomahawks of dispersal (quivered)
 i - 65 stones
Armour
 b - a +0 leather armour
 h - a +0 robe (worn)
Scrolls
 d - a scroll of blinking
 g - 2 scrolls of noise {unknown}
 k - 2 scrolls of teleportation {unknown}
 l - a scroll of immolation {unknown}
 m - a scroll of recharging {unknown}
 r - a scroll of magic mapping {unknown}
 t - a scroll of identify {unknown}
 u - a scroll of remove curse {unknown}
Potions
 j - a potion of heal wounds {unknown}
 n - 4 potions of lignification {unknown}
 o - a potion of curing {unknown}
 q - a potion of might {unknown}
 v - 2 potions of magic {unknown}
Books
 c - a book of Spatial Translocations

   Spells                             Type                      Level
   a - Blink                          Translocation                2
   b - Shroud of Golubria             Charms/Translocation         2
   c - Lesser Beckoning               Translocation                3
   d - Gell's Gravitas                Translocation                3
   e - Teleport Other                 Translocation                3
   f - Passage of Golubria            Translocation                4
Comestibles
 f - 2 bread rations
 p - 3 fruits
 s - 4 chunks of flesh


   Skills:
 + Level 2.5 Fighting
 + Level 2.6 Polearms
 + Level 1.0 Throwing
 + Level 1.3 Armour
 + Level 2.1 Dodging
 + Level 0.9 Stealth
 + Level 2.2 Spellcasting
 + Level 0.6 Charms
 + Level 3.3 Translocations


You had 3 spell levels left.
You knew the following spells:

 Your Spells              Type           Power        Failure   Level  Hunger
a - Shroud of Golubria    Chrm/Tloc      #.........   16%         2    ###....
b - Blink                 Tloc           N/A          9%          2    ###....


Dungeon Overview and Level Annotations

Branches:
Dungeon (2/15)

Altars:


Innate Abilities, Weirdness & Mutations

You cannot wear boots.
Your serpentine skin is tough. (AC +1)
You have supernaturally acute eyesight. (SInv)
Armour fits poorly on your strangely shaped body.
Your system is resistant to poisons. (rPois)
You cover ground very slowly.
You have a slow metabolism.
You can spit poison.


Message History

You hit the worm.
The worm is heavily wounded.
Your shroud bends the worm's attack away.
You hit the worm.
The worm is severely wounded.
You have got your breath back.
Your shroud unravels.
Casting: Shroud of Golubria
Confirm with . or Enter, or press ? or * to list all spells.
You miscast Shroud of Golubria.
You catch a glimpse of the back of your own head.
The worm bites you!
* * * LOW HITPOINT WARNING * * *
Unknown command.
Press: ? - help, Shift-Dir - straight line, f/p - worm
Aim: a worm (severely wounded)
The splash of poison hits the worm.
The worm is poisoned.
The worm is almost dead.
You feel slightly more hungry. The worm bites you!
You die...

....##########...........)# #
.............'....####..#.# #
....##########....#####.#.#### #
....# #....+.......(..# #
....##########....######..##.# #
............####'#.........#.#
............# #.#.......>.#.#
............# #.#.........#.#
.###........# #@#......##.#.# ##
...'........+..w.#...........# #.
.###........######......#.######.
.'..........+ .........<......
.###........# #################
.# #........# #.............[..
.# #........# #.##############.
.# ########## #.# #. .# #.# #.


You could see a worm.

Vanquished Creatures
  A gnoll (D:1)
  3 adders (D:2)
  A worm (D:2)
  A dart slug (D:1)
  A leopard gecko (D:2)
  A ball python (D:2)
  3 goblins (D:1)
  5 hobgoblins
  4 jackals (D:1)
  2 bats
  A frilled lizard (D:1)
  9 kobolds
  17 rats
49 creatures vanquished.

Notes
Turn   | Place    | Note
-------+----------+-------------------------------------------
     0 | D:1      | dvd the Naga Warper began the quest for the Orb.
     0 | D:1      | Reached XP level 1. HP: 19/19 MP: 3/3
    28 | D:1      | Reached skill level 1 in Throwing
    31 | D:1      | Reached XP level 2. HP: 12/27 MP: 5/5
    34 | D:1      | Reached skill level 1 in Armour
    39 | D:1      | Learned a level 2 spell: Shroud of Golubria
    42 | D:1      | Learned a level 2 spell: Blink
   617 | D:1      | Reached XP level 3. HP: 33/33 MP: 1/6
  1964 | D:2      | Reached XP level 4. HP: 40/40 MP: 7/7
  2378 | D:2      | HP: 2/40 [worm (11)]
  2379 | D:2      | Mangled by a worm

Skill      XL: |  1  2  3  4 |
---------------+-------------+-----
Throwing       | 1 |  1.0
Armour         | 1 |  1.3
Dodging        | 2 |  2.1
Fighting       | |  2.5
Polearms       | |  2.6
Stealth        | |  0.9
Spellcasting   | |  2.2
Charms         | |  0.6
Translocations | |  3.3

Action                   |  1- 3 |  4- 6 || total
-------------------------+-------+-------++-------
Melee: Spear             |   140 |    35 ||   175
Throw: Tomahawk          |     1 |       ||     1
 Cast: Shroud of Golubri |     9 |     4 ||    13
       Blink             |     2 |       ||     2
 Abil: Spit Poison       |    23 |     9 ||    32
 Stab: Sleeping          |     2 |       ||     2
  Eat: Chunk             |     5 |     1 ||     6
Armor: Leather armour    |     5 |       ||     5
       Robe              |    15 |     1 ||    16
Dodge: Dodged            |    49 |    17 ||    66
